 Dungeon Crawl Stone Soup version 0.26.0-57-g60708a5e39 (webtiles) character file.

Game seed: 293165952892881255

877 Gadfly the Cudgeller (level 8, -1/78 HPs)
             Began as an Ogre Gladiator on Feb 2, 2021.
             Was a Follower of Okawaru.
             Slain by an orc warrior
             ... wielding a +0 scimitar
              (18 damage)
             ... on level 5 of the Dungeon.
             The game lasted 00:13:20 (9832 turns).

Gadfly the Cudgeller (Ogre Gladiator)               Turns: 9832, Time: 00:13:20

Health: -1/78      AC:  3    Str: 20 (21) XL:     8   Next: 4%
Magic:  9/10       EV: 12    Int:  9      God:    Okawaru [*.....]
Gold:   425        SH:  0    Dex:  8 (10) Spells: 7/7 levels left

rFire    . . .     SeeInvis .   a - +1 flail
rCold    + . .     Faith    .   (no shield)
rNeg     . . .     Spirit   .   h - +0 animal skin
rPois    .         Reflect  .   c - +0 hat
rElec    .         Harm     .   (no cloak)
rCorr    .         Rampage  .   (gloves unavailable)
Will     .....                  (boots unavailable)
Stlth    ++........             (no amulet)
HPRegen  0.23/turn              q - ring of protection from cold
MPRegen  0.12/turn              (no ring)

@: heroism
A: large, unfitting armour, tough skin 1
a: Renounce Religion, Heroism


You were on level 5 of the Dungeon.
You worshipped Okawaru.
Okawaru was aware of your devotion.
You visited 1 branch of the dungeon, and saw 6 of its levels.
You also visited: Sewer.

You collected 425 gold pieces.

Inventory:

Hand Weapons
 a - a +1 flail (weapon)
 b - a +1 falchion of draining
 p - a +0 giant club
Missiles
 d - 2 throwing nets (quivered)
 e - 8 javelins
 k - 4 boomerangs
 o - 4 silver boomerangs
Armour
 c - a +0 hat (worn)
 h - a +0 animal skin (worn)
Jewellery
 q - a ring of protection from cold (left hand)
Scrolls
 f - 2 scrolls of blinking
 j - 6 scrolls of teleportation
 r - a scroll of remove curse
 s - 2 scrolls of magic mapping
Potions
 g - 4 potions of flight
 l - a potion of mutation
 m - a potion of haste
 n - a potion of cancellation


   Skills:
 + Level 3.9(8.9) Fighting
 * Level 4.2(9.2) Maces & Flails
 * Level 4.1(9.1) Throwing
 * Level 3.1(8.1) Armour
 - Level 2.6(7.6) Dodging
 + Level 3.3 Invocations
 * Level 3.2 Evocations


You had 7 spell levels left.
You didn't know any spells.
Your spell library was empty.

Dungeon Overview and Level Annotations

Branches:
Dungeon (6/15)              Sewer (visited)
 Temple: D:4-7

Altars:
Dithmenos
Elyvilon
Gozag
Okawaru
Qazlal
Xom
Zin
The Shining One

Annotations:
D:6 Pikel


Innate Abilities, Weirdness & Mutations

You are too large for most types of armour.
You have tough skin. (AC +1)


Message History

The orc warrior hits you with a +0 scimitar.
You hit the orc warrior but do no damage.
The orc warrior is moderately wounded.
The orc warrior hits you with a +0 scimitar!
You hit the orc warrior but do no damage.
The orc warrior is moderately wounded.
The orc warrior hits you with a +0 scimitar.
You closely miss the orc warrior. You punch the orc warrior!
The orc warrior is severely wounded.
You closely miss the orc warrior.
The orc warrior is severely wounded.
The orc warrior hits you with a +0 scimitar!
* * * LOW HITPOINT WARNING * * *
You barely miss the orc warrior.
The orc warrior is severely wounded.
The orc warrior barely misses you.
You closely miss the orc warrior.
The orc warrior is severely wounded.
The orc warrior hits you with a +0 scimitar!!
You die...

################
#........##....# ##
#........##.##.# .#
#........##.##.#######
.#
#........##.##.......#
.#
#........##.########.#
.# #........##.####
#.#
.######........##....#
#.#
.'............oo@###.#
#.# .######........###
#.# #.# .# #........#
#.# #.# .# #........#
#.# #.# .#
#........#####.#
#.#### ##
#........'.....#
#....# #
#........#######
###.## ## #........#
#####.## .# ##########
#......#


You could see an orc warrior and an orc.

Vanquished Creatures
  An orc warrior (D:5)
  2 ogres
  4 lemures (D:5)
  A bullfrog (D:6)
  A jelly (D:5)
  A bullfrog skeleton (D:5)
  2 orc priests (D:5)
  A centaur skeleton (D:5)
  Terence (D:2)
  An iguana (D:4)
  3 worker ants
  A hound skeleton (D:5)
  Robin (D:1)
  7 adders
  A white imp (D:5)
  5 oozes
  A dart slug (D:1)
  4 worms
  5 leopard geckos
  19 orcs
  3 ball pythons
  3 giant cockroaches
  19 goblins
  15 hobgoblins
  13 jackals
  3 quokkas
  13 bats
  9 frilled lizards
  A jackal skeleton (D:4)
  A jackal zombie (D:5)
  9 kobolds
  A leopard gecko skeleton (D:5)
  5 rats
157 creatures vanquished.

Notes
Turn   | Place    | Note
-------+----------+-------------------------------------------
     0 | D:1      | Gadfly the Ogre Gladiator began the quest for the Orb.
     0 | D:1      | Reached XP level 1. HP: 22/22 MP: 1/1
    36 | D:1      | Reached XP level 2. HP: 7/29 MP: 2/2
   598 | D:1      | Reached skill level 1 in Invocations
   771 | D:1      | Reached XP level 3. HP: 24/36 MP: 3/3
   776 | D:1      | You fall into a shaft and drop 1 floor!
   806 | D:1      | Reached skill level 1 in Armour
  1379 | D:2      | Noticed Robin
  1381 | D:2      | Reached skill level 1 in Evocations
  1766 | D:1      | Killed Robin
  1776 | D:1      | Reached XP level 4. HP: 15/44 MP: 5/5
  2174 | D:2      | Noticed Terence
  2191 | D:2      | Killed Terence
  2378 | D:2      | Found a shadowy altar of Dithmenos.
  2504 | D:2      | Found a stormy altar of Qazlal.
  2758 | D:2      | Noticed an air elemental
  2761 | D:2      | Noticed a water elemental
  2761 | D:2      | Noticed an earth elemental
  2761 | D:2      | Noticed a fire elemental
  3167 | D:2      | Found an iron altar of Okawaru.
  3188 | D:2      | Reached XP level 5. HP: 42/50 MP: 6/6
  3197 | D:2      | Became a worshipper of Warmaster Okawaru
  3972 | D:3      | Found a faded altar of an unknown god.
  4376 | D:3      | Found a glowing silver altar of Zin.
  4377 | D:3      | Found an opulent altar of Gozag.
  4693 | D:4      | Found a glowing golden altar of the Shining One.
  4744 | D:4      | Noticed an ogre
  5163 | D:4      | Found a glowing drain.
  5199 | Sewer    | Entered a sewer
  5427 | Sewer    | Reached XP level 6. HP: 38/59 MP: 7/7
  6597 | D:4      | Found a shimmering altar of Xom.
  6597 | D:4      | Found a white marble altar of Elyvilon.
  6739 | D:5      | Entered Level 5 of the Dungeon
  6792 | D:5      | Reached XP level 7. HP: 31/67 MP: 9/9
  7738 | D:5      | Reached * piety under Okawaru
  8737 | D:6      | Noticed Pikel
  9009 | D:5      | Reached XP level 8. HP: 69/77 MP: 10/10
  9120 | D:5      | HP: 3/77 [lemure[Pikel] (4)]
  9832 | D:5      | Slain by an orc warrior

Illustrated notes

Levels and vault maps discovered:
D:1:      lightli_arrival_statue_moat, layout_loops_cross, minmay_tiny_reverse_x
D:2:      layout_rooms, okawaru_altar_gauntlet_db, old_standard_altar,
          nicolae_qazlal_style_of_elements, uniq_robin, uniq_terence
D:3:      layout_loops_ring, grunt_temple_overflow_gold_and_silver,
          serial_glass, glass_columns_b, glass_columns_b,
          chequers_ecumenical_altar_island
D:4:      layout_loops_ring, nicolae_overflow_crystal_walls,
          gammafunk_temple_overflow_statue, portal_sewer_entry_e,
          minmay_crystal_water
D:5:      layout_basic
D:6:      layout_cave_pools, kiku_gazebo_pond_becter,
          chequers_serial_rivers_small_b, uniq_pikel

Skill      XL: |  1  2  3  4  5  6  7 |
---------------+----------------------+-----
Invocations    | 1 2 3 |  3.3
Armour         | 1 2 3 |  3.1
Evocations     | 1 2 3 |  3.2
Maces & Flails | 3 4 |  4.2
Fighting       | 3 |  3.9
Throwing       | 3 4 |  4.1
Dodging        | |  2.6

Action                   |  1- 3 |  4- 6 |  7- 9 || total
-------------------------+-------+-------+-------++-------
Melee: Flail             |   113 |   358 |   144 ||   615
       Falchion          |       |       |     7 ||     7
       Punch             |       |       |     2 ||     2
Throw: Throwing net      |     2 |       |     4 ||     6
       Stone             |     1 |     5 |       ||     6
       Boomerang         |       |     4 |    17 ||    21
Invok: Heroism           |       |       |     3 ||     3
  Use: Scroll            |     3 |     9 |     3 ||    15
       Potion            |       |     6 |     1 ||     7
 Stab: Held in net/web   |       |       |     1 ||     1
Armor: Robe              |    48 |       |       ||    48
       Animal skin       |       |   124 |    24 ||   148
Dodge: Dodged            |   106 |   299 |    98 ||   503
       Rpst.: Falchion   |       |       |     1 ||     1
